 Dungeon Crawl Stone Soup version 0.32-a0-314-g526f7d4993 (webtiles) character file.

Game seed: 8395917875320861196

5719 pokeman the Thaumaturge (level 10, -2/56 HPs)
             Began as a Deep Elf Hedge Wizard on Feb 15, 2024.
             Was a Follower of Vehumet.
             Slain by a wolf simulacrum (6 damage)
             ... on level 10 of the Dungeon.
             The game lasted 00:29:23 (11535 turns).

pokeman the Thaumaturge (Deep Elf Hedge Wizard)    Turns: 11535, Time: 00:29:23

Health: -2/56      AC:  6    Str:  7    XL:     10   Next: 48%
Magic:  29/38      EV: 13    Int: 33    God:    Vehumet [*.....]
Gold:   492        SH:  0    Dex: 14    Spells: 25/36 levels left

rFire   + . .        y - +4 trident (protect)
rCold   . . .        (no shield)
rNeg    . . .        u - +1 robe {rF+}
rPois   .            b - +0 helmet {Int+3}
rElec   .            (no cloak)
rCorr   .            C - +0 pair of gloves
SInv    .            i - +0 pair of boots
Will    +....        t - amulet of the acrobat
Stlth   ++           h - +6 ring of intelligence
HPRegen 0.29/turn    c - ring of magical power
MPRegen 0.26/turn

%: acrobat
@: on blink cooldown
A: no striking features
a: Renounce Religion


You were on level 10 of the Dungeon.
You worshipped Vehumet.
Vehumet was aware of your devotion.
You visited 2 branches of the dungeon, and saw 11 of its levels.

You collected 492 gold pieces.

Inventory:

Hand Weapons
 y - a +4 trident of protection (weapon)
Missiles
 a - 3 throwing nets
 E - a curare-tipped dart
Armour
 b - a +0 helmet of intelligence (worn)
 i - a +0 pair of boots (worn)
 u - a +1 robe of fire resistance (worn)
 C - a +0 pair of gloves (worn)
 K - a +0 buckler
Magical Staves
 s - a staff of fire
 O - a staff of earth
Jewellery
 c - a ring of magical power (right hand)
 h - a +6 ring of intelligence (left hand)
 t - an amulet of the acrobat (around neck)
 J - a ring of flight
Wands
 r - a wand of iceblast (15)
 D - a wand of flame (14)
 H - a wand of mindburst (13)
 N - a wand of acid (3)
 S - a wand of paralysis (5)
Scrolls
 e - a scroll of revelation {unknown}
 f - 11 scrolls of identify {unknown}
 g - a scroll of fog {unknown}
 j - 3 scrolls of brand weapon
 m - 2 scrolls of teleportation {unknown}
 n - 2 scrolls of enchant armour {unknown}
 o - 2 scrolls of amnesia {unknown}
 p - a scroll of silence {unknown}
 q - 3 scrolls of enchant weapon {unknown}
 A - a scroll of immolation {unknown}
 B - a scroll of noise {unknown}
 F - a scroll of blinking {unknown}
 G - a scroll of vulnerability {unknown}
Potions
 d - 3 potions of magic
 k - 9 potions of heal wounds {unknown}
 l - 2 potions of haste {unknown}
 v - a potion of berserk rage {unknown}
 w - a potion of degeneration {unknown}
 x - 2 potions of curing {unknown}
 z - 2 potions of brilliance {unknown}
 I - a potion of attraction {unknown}
 L - a potion of ambrosia {unknown}
 M - a potion of cancellation {unknown}
 P - 2 potions of invisibility {unknown}
 Q - a potion of enlightenment {unknown}
 R - a potion of lignification {unknown}


   Skills:
 - Level 4.0 Fighting
 - Level 4.0 Armour
 - Level 3.0 Dodging
 - Level 3.0 Stealth
 + Level 0.0 Shields
 * Level 13.5 Spellcasting
 + Level 7.7 Conjurations
 - Level 1.0 Hexes
 - Level 1.1 Summonings
 - Level 1.1 Translocations
 + Level 6.6 Fire Magic
 - Level 1.0 Air Magic
 - Level 1.0 Earth Magic
 - Level 1.2 Alchemy
 - Level 1.0 Evocations


You had 25 spell levels left.
You knew the following spells:

 Your Spells              Type           Power      Damage    Failure   Level
a - Magic Dart            Conj           100%       1d8       1%          1
b - Mephitic Cloud        Conj/Alch/Air  44%        N/A       1%          3
c - Call Imp              Summ           58%        N/A       1%          2
d - Blink                 Tloc           58%        N/A       1%          2
e - Tukima's Dance        Hex            29%        N/A       4%          3

Your spell library contained the following spells:

 Spells                   Type           Power      Damage    Failure   Level
 Shock                    Conj/Air       100%       1d9       1%          1
 Slow                     Hex            100%       N/A       1%          1
 Lesser Beckoning         Tloc           58%        N/A       1%          2
 Dazzling Flash           Conj/Hex       100%       N/A       1%          3
 Cigotuvi's Dreadful Rot  Necr/Alch/Air  54%        N/A       2%          2
 Gell's Gravitas          Tloc           29%        N/A       3%          3
 Teleport Other           Tloc           29%        N/A       3%          3
 Fugue of the Fallen      Necr           22%        N/A       6%          3
 Ozocubu's Armour         Ice            22%        N/A       6%          3
 Manifold Assault         Tloc           29%        N/A       13%         4
 Passage of Golubria      Tloc           29%        N/A       13%         4
 Yara's Violent Unravell  Hex/Alch       14%        3d7       34%         5
 Silence                  Hex/Air        14%        N/A       36%         5
 Curse of Agony           Necr           22%        N/A       50%         5


Dungeon Overview and Level Annotations

Branches:
Dungeon (10/15)            Temple (1/1) D:6
   Lair: D:8-11         Orc: D:9-12

Altars:
Ashenzari
Cheibriados
Dithmenos
Elyvilon
Fedhas
Gozag
Hepliaklqana
Kikubaaqudgha
Makhleb
Nemelex Xobeh
Okawaru
Qazlal
Ru
Sif Muna
Trog
Uskayaw
Vehumet
Wu Jian
Xom
Yredelemnul
Zin
The Shining One

Shops:
D:2 [   D:4 [   D:7 *

Annotations:
D:4 3 runed translucent doors, zenocrate's ghost, weakling MfDe


Message History

The river rat is engulfed in noxious fumes.
The necromancer is engulfed in noxious fumes.
The necromancer appears confused.
Unknown command.
The necromancer is engulfed in noxious fumes.
The necromancer appears confused.
Unknown command.
You're too confused to cast spells.
Okay, then.
Unknown command.
You feel less confused.
The river rat simulacrum completely misses you.
You puncture the river rat simulacrum!
The river rat simulacrum vaporises!
Vehumet accepts your kill.
A wolf simulacrum comes into view. x2
The necromancer hits itself with a +0 dagger!
The wolf simulacrum moves out of view.
Unknown command.
You puncture the yak simulacrum!
The yak simulacrum is heavily damaged.
The yak simulacrum gores you! The yak simulacrum freezes you!
* * * LOW HITPOINT WARNING * * *
Unknown command.
Unknown command.
Casting: Mephitic Cloud (safe; 1% risk of failure)
Confirm with . or Enter, or press ? or * to list all spells.
You blink.
A polar bear simulacrum comes into view.
The wolf simulacrum closely misses you. The river rat misses you.
The wolf simulacrum bites you but does no damage. x2
Unknown command.
As you read the scroll labelled CYDOUPRIDD, it crumbles to dust.
It is a scroll of brand weapon.
Your +4 vampiric trident projects an invisible shield of force!
y - a +4 trident of protection (weapon)
The wolf simulacrum bites you.
* * * LOW HITPOINT WARNING * * *
The wolf simulacrum freezes you.
You die...

#.......######.#.#...
.........# #.#####.
###+..#..# #...<...
######'# ####### ##..#
.#../ #.# ##..## #
'Z.###.# #..## #.
#ZZ.ß#.# ###.####
#.#####@...#.# #......#
#.....#.Z..#.# #......#
#.P⌠p.Zr...#.# #.......
#....Z######.# #....(.#
#....§.......####......#
####......#....##......#
#.....#####.##......#
#.....# #.##[.....#
#.....# #.........#


You could see a river rat (soul bound, confused), a river rat simulacrum, 2 wolf
simulacra, 2 yak simulacra and a polar bear simulacrum.

Vanquished Creatures
  2 dancing weapons (D:9)
  Jeremiah (D:6)
  A komodo dragon (D:10)
  A polar bear (D:10)
  A shadow (D:10)
  3 yaks (D:10)
  A wraith (D:10)
  A water moccasin (D:6)
  2 ice beasts (D:6)
  A sky beast (D:6)
  An orc warrior (D:8)
  An ogre (D:4)
  A centaur (D:10)
  Blork the orc (D:5)
  3 kobold brigands
  A phantom (D:5)
  A bullfrog (D:8)
  A gnoll sergeant (D:9)
  A scorpion (D:5)
  6 wights
  16 killer bees
  2 howler monkeys
  4 hounds
  A jelly (D:6)
  8 orc priests
  2 bombardier beetles
  Jessica (D:2)
  5 iguanas
  11 orc wizards
  19 gnolls
  15 adders
  4 dart slugs
  A ribbon worm (D:5)
  27 orcs
  8 endoplasms
  3 giant cockroaches
  9 goblins
  4 hobgoblins
  7 quokkas
  5 ball pythons
  6 bats
  4 frilled lizards
  24 kobolds
  A rat (D:2)
  2 river rat simulacra (D:10)
220 creatures vanquished.

Vanquished Creatures (collateral kills)
  A bullfrog (D:9)
  A gnoll sergeant (D:8)
  5 wights
  An orc priest (D:7)
  A sleepcap (D:6)
  2 gnolls (D:9)
  2 orcs (D:7)
13 creatures vanquished.

Vanquished Creatures (others)
  9 dancing weapons
  A wolf (D:10)
10 creatures vanquished.

Grand Total: 243 creatures vanquished

Notes
Turn   | Place    | Note
-------+----------+-------------------------------------------
     0 | D:1      | pokeman the Deep Elf Hedge Wizard began the quest for the
                  | Orb.
     0 | D:1      | Reached XP level 1. HP: 10/10 MP: 7/7
   152 | D:1      | Reached XP level 2. HP: 16/16 MP: 4/9
   511 | D:1      | Reached skill level 5 in Spellcasting
   640 | D:1      | Reached XP level 3. HP: 20/20 MP: 8/11
   644 | D:1      | Learned a level 3 spell: Mephitic Cloud
   647 | D:1      | Learned a level 2 spell: Call Imp
   650 | D:1      | Learned a level 2 spell: Blink
  1106 | D:2      | Found Siatruse's Antique Armour Emporium.
  1180 | D:2      | Reached skill level 1 in Fighting
  1183 | D:2      | Reached skill level 1 in Armour
  1289 | D:2      | Reached XP level 4. HP: 25/25 MP: 4/13
  1954 | D:2      | Reached skill level 6 in Spellcasting
  1954 | D:2      | Reached XP level 5. HP: 29/29 MP: 8/15
  2067 | D:2      | Noticed Jessica
  2073 | D:2      | Killed Jessica
  3101 | D:4      | Found Riczuylig's Armour Shop.
  3176 | D:4      | Reached XP level 6. HP: 35/35 MP: 13/17
  3294 | D:4      | Found a runed translucent gate.
  3295 | D:4      | Found a runed translucent gate.
  3295 | D:4      | Noticed zenocrate's ghost (weakling MfDe)
  3296 | D:4      | Found a runed translucent gate.
  3468 | D:4      | Reached skill level 7 in Spellcasting
  3758 | D:4      | Reached XP level 7. HP: 12/40 MP: 10/20
  4229 | D:4      | Reached skill level 1 in Air Magic
  4241 | D:4      | Identified the +0 shortbow of the Lonely Yaks {heavy, rF+
                  | MP-9 Int+3}
  4505 | D:5      | Entered Level 5 of the Dungeon
  4515 | D:5      | Reached skill level 1 in Alchemy
  4727 | D:5      | Reached skill level 1 in Fire Magic
  4791 | D:5      | Upgraded the game from 0.32-a0-306-gfed3edf829 to
                  | 0.32-a0-314-g526f7d4993
  4808 | D:5      | Reached skill level 8 in Spellcasting
  4808 | D:5      | Reached skill level 1 in Evocations
  5098 | D:5      | Noticed Blork the orc
  5113 | D:5      | Killed Blork the orc
  5402 | D:5      | Reached XP level 8. HP: 45/45 MP: 22/22
  5566 | D:5      | Reached skill level 9 in Spellcasting
  6075 | D:6      | Found a staircase to the Ecumenical Temple.
  6088 | Temple   | Entered the Ecumenical Temple
  6218 | D:6      | Reached skill level 5 in Conjurations
  6695 | D:6      | Noticed Jeremiah
  6707 | D:6      | Reached skill level 10 in Spellcasting
  6854 | D:6      | Learned a level 3 spell: Tukima's Dance
  6935 | D:6      | Killed Jeremiah
  7023 | D:6      | Reached XP level 9. HP: 50/50 MP: 16/25
  7313 | D:6      | Reached skill level 11 in Spellcasting
  7786 | D:7      | Found Lasaimoh's Gadget Gallery.
  8574 | D:8      | Reached skill level 5 in Fire Magic
  8800 | D:8      | Reached skill level 12 in Spellcasting
  8988 | D:8      | Found a radiant altar of Vehumet.
  8992 | D:8      | Became a worshipper of Vehumet
  9156 | D:8      | Reached skill level 1 in Hexes
  9846 | D:9      | Reached * piety under Vehumet
  9846 | D:9      | Offered knowledge of Shock by Vehumet.
 10037 | D:9      | Reached XP level 10. HP: 50/56 MP: 28/28
 10199 | D:9      | Reached skill level 1 in Earth Magic
 10374 | D:9      | Identified the +1 spear of Woe {flame, rN+}
 10666 | D:10     | Entered Level 10 of the Dungeon
 10711 | D:10     | Identified the +0 leather armour "Goirph Ijung" {Str+5
                  | Int+2}
 10895 | D:10     | Reached skill level 13 in Spellcasting
 11300 | D:10     | Found a snail-covered altar of Cheibriados.
 11307 | D:10     | Found a white marble altar of Elyvilon.
 11309 | D:10     | Found a hazy altar of Hepliaklqana.
 11310 | D:10     | Found a sacrificial altar of Ru.
 11522 | D:10     | Noticed a necromancer
 11535 | D:10     | Slain by a wolf simulacrum

Illustrated notes

Levels and vault maps discovered:
D:1:      evilmike_arrival_crescent, layout_loops_ring
D:2:      layout_loops_cross, serial_shops,
          nicolae_shop_temple_entry_statues_fountains,
          nicolae_concentric_dashed_squares_wild, kennysheep_jessica_study
D:3:      layout_loops_ring, ebering_dispersal_statue_hall
D:4:      layout_basic, gammafunk_ghost_necromancy, serial_shops,
          nicolae_shop_rolling_square, minmay_misc_feat_room
D:5:      layout_cave_pods, chequers_garden, uniq_blork_the_orc
D:6:      layout_basic, temple_statues, uniq_jeremiah
D:7:      layout_basic, nicolae_shop_gadgets
D:8:      layout_loops_corners, vehumet_crystals, minmay_misc_feat_hallway
D:9:      layout_big_octagon
D:10:     layout_roguey, mainiacjoe_overflow_alcove_3, eino_house_with_fridge
Temple:   nicolae_temple_bog_church

Skill      XL: |  1  2  3  4  5  6  7  8  9 10 |
---------------+-------------------------------+-----
Spellcasting   | 5 6 7 8 10 12 13 | 13.5
Fighting       | 1 2 3 4 |  4.0
Armour         | 1 2 4 |  4.0
Conjurations   | 2 3 4 5 7 |  7.7
Dodging        | 3 |  3.0
Stealth        | 3 |  3.0
Air Magic      | 1 |  1.0
Alchemy        | 1 |  1.2
Fire Magic     | 2 4 5 6 |  6.6
Evocations     | 1 |  1.0
Hexes          | 1 |  1.0
Earth Magic    | 1 |  1.0
Summonings     | |  1.1
Translocations | |  1.1

Action                     |  1- 3 |  4- 6 |  7- 9 | 10-12 || total
---------------------------+-------+-------+-------+-------++-------
  Melee: Spear             |       |    14 |   100 |       ||   114
         Trident           |       |       |   124 |    61 ||   185
   Cast: Magic Dart        |    63 |   135 |   305 |    60 ||   563
         Mephitic Cloud    |     2 |     5 |    36 |    17 ||    60
         Call Imp          |       |     1 |     8 |     3 ||    12
         Blink             |       |     1 |     3 |     5 ||     9
         Tukima's Dance    |       |       |    20 |     6 ||    26
  Evoke: Wand              |       |       |       |     7 ||     7
    Use: Scroll            |       |       |       |     1 ||     1
   Stab: Confused          |       |     2 |    27 |     4 ||    33
 Armour: Robe              |     4 |    17 |    89 |    41 ||   151
  Dodge: Dodged            |     4 |    19 |   132 |    61 ||   216

Table legend: (Time is in decaauts)
 A = Elapsed time spent in this place.
 B = Non-inter-level travel time spent in this place.
 C = Inter-level travel time spent in this place.
 D = Time resting spent in this place.
 E = Time spent auto-exploring this place.
 F = Levels seen in this place.
 G = Mean time per level.
                   A        B        C        D        E       F      G
               +--------+--------+--------+--------+--------+-----+--------+
         Total |  11606 |  11312 |    294 |    499 |   9054 |  11 | 1055.1 |
       Dungeon |  11605 |  11311 |    294 |    499 |   9054 |  10 | 1160.5 |
        Temple |      1 |      1 |      0 |      0 |      0 |   1 |    1.0 |
               +--------+--------+--------+--------+--------+-----+--------+

Top non-repeatable levels by time:
     D:6: 1769 daAuts
     D:5: 1514 daAuts
     D:4: 1366 daAuts
     D:8: 1308 daAuts
     D:1: 1184 daAuts
     D:2: 1089 daAuts
    D:10: 886 daAuts
     D:3: 866 daAuts
     D:9: 850 daAuts
     D:7: 768 daAuts
  Temple: 1 daAuts
